 Dungeon Crawl Stone Soup version 0.22.1 (webtiles) character file.

28 troglodite the Skirmisher (level 2, -4/36 HPs)
             Began as a Demonspawn Berserker on Sept 17, 2018.
             Was a Follower of Trog.
             Killed by divine providence
             ... invoked by an orc priest
              (11 damage)
             ... on level 3 of the Dungeon.
             The game lasted 00:03:22 (1531 turns).

troglodite the Skirmisher (Demonspawn Berserker)    Turns: 1531, Time: 00:03:22

Health: -4/36      AC:  5    Str: 22    XL:     2   Next: 96%
Magic:  2/2        EV: 12    Int:  8    God:    Trog [*.....]
Gold:   39         SH:  0    Dex: 12    Spells: 1/1 levels left

rFire    . . .     SeeInvis .   a - +0 falchion
rCold    . . .     Gourm    .   (no shield)
rNeg     . . .     Faith    .   b - +0 animal skin
rPois    .         Spirit   .   (no helmet)
rElec    .         Reflect  .   (no cloak)
rCorr    .         Harm     .   k - +0 pair of gloves
MR       .....                  (no boots)
Stlth    ..........             (no amulet)
HPRegen  0.12/turn              (no ring)
MPRegen  0.08/turn              (no ring)

@: berserking (expiring), very quick
A: icy blue scales 1
a: Berserk, Renounce Religion


You were on level 3 of the Dungeon.
You worshipped Trog.
Trog was aware of your devotion.
You were very hungry.

You visited 1 branch of the dungeon, and saw 3 of its levels.

You collected 39 gold pieces.

Inventory:

Hand Weapons
 a - a +0 falchion (weapon)
Armour
 b - a +0 animal skin (worn)
 k - a +0 pair of gloves (worn)
Jewellery
 f - an uncursed ring of poison resistance {unknown}
Scrolls
 d - 4 scrolls of teleportation {unknown}
 g - 3 scrolls of magic mapping {unknown}
 h - a scroll of enchant armour {unknown}
 l - a scroll of enchant weapon {unknown}
 n - a scroll of random uselessness {unknown}
 q - 2 scrolls of identify {unknown}
 s - a scroll of fog {unknown}
Potions
 e - 2 potions of flight {unknown}
 i - 2 potions of curing {unknown}
 j - a potion of magic {unknown}
 m - 2 potions of lignification {unknown}
 p - a potion of degeneration {unknown}
 r - a potion of heal wounds {unknown}
Comestibles
 c - 4 rations
 o - 3 chunks of flesh


   Skills:
 * Level 3.5 Fighting
 + Level 3.1 Long Blades
 * Level 1.9 Armour
 * Level 2.0 Dodging


You had one spell level left.
You didn't know any spells.
Your spell library was empty.

Dungeon Overview and Level Annotations

Branches:
Dungeon (3/15)

Altars:
Hepliaklqana


Innate Abilities, Weirdness & Mutations

You are partially covered in icy blue scales. (AC +2)


Message History

Trog accepts your kill. The orc hits you but does no damage.
You closely miss the orc. You closely miss the orc.
The orc hits you with a flail.
The orc priest mumbles some strange prayers to Beogh against you.
Beogh smites you!
* * * LOW HITPOINT WARNING * * *
You hear a shout!
You slash the orc!
You kill the orc!
Trog accepts your kill.
You barely miss the orc priest.
The orc priest hits you but does no damage.
You completely miss the orc priest. You closely miss the orc priest.
The orc priest misses you.
You hit the orc priest.
The orc priest is moderately wounded.
The orc priest mumbles some strange prayers to Beogh against you.
Beogh smites you!
You die...

#... #..# #..#
##..### .....
#..######.
.###s#####.........
....Soo@...<.#
.....#####..## ###
#..# #..# ...#
##.## #.# #.#


You could see an orc priest, an orc, a giant cockroach and a ball python.

Vanquished Creatures
  A worm (D:2)
  An orc (D:3)
  2 bats
  A goblin (D:1)
  5 hobgoblins
  3 frilled lizards
  6 kobolds
  4 rats
23 creatures vanquished.

Notes
Turn   | Place    | Note
-------+----------+-------------------------------------------
     0 | D:1      | troglodite the Demonspawn Berserker began the quest for the
                  | Orb.
     0 | D:1      | Reached XP level 1. HP: 18/18 MP: 1/1
   555 | D:1      | Gained mutation: You are partially covered in icy blue
                  | scales. (AC +2) [demonic ancestry]
   555 | D:1      | Reached XP level 2. HP: 24/24 MP: 2/2
  1057 | D:2      | Found a hazy altar of Hepliaklqana.
  1531 | D:3      | Killed from afar by an orc priest

Skill      XL: |  1  2 |
---------------+-------+-----
Long Blades    | 3 |  3.1
Dodging        | 2 |  2.0
Fighting       | |  3.5
Armour         | |  1.9

Action                   || total
-------------------------++-------
Melee: Falchion          ||    69
Invok: Berserk           ||     2
 Stab: Sleeping          ||     2
  Eat: Chunk             ||     2
Armor: Animal skin       ||    15
Dodge: Dodged            ||    48
       Rpst.: Falchion   ||    14
